 Dungeon Crawl Stone Soup version 0.30-a0-34-gbe8da3892a (webtiles) character file.

Game seed: 1741014200698991550

5112 riojii the Fighter (level 10, -4/94 HPs)
             Began as a Ghoul Fighter on Aug 27, 2022.
             Was a Priest of Makhleb.
             Slain by a seven-headed hydra (13 damage)
             ... on level 1 of the Lair of Beasts.
             The game lasted 00:10:29 (8905 turns).

riojii the Fighter (Ghoul Fighter)                  Turns: 8905, Time: 00:10:30

Health: -4/94      AC: 17    Str: 25    XL:     10   Next: 57%
Magic:  9/9        EV:  6    Int:  3    God:    Makhleb [***...]
Gold:   483        SH:  5    Dex:  8    Spells: 9/9 levels left

rFire   . . .      SeeInvis .      - Unarmed
rCold   + + .      Faith    .    b - +0 buckler
rNeg    + + +      Spirit   .    r - +1 plate armour "Taxifrorph" {rC+}
rPois   ∞          Reflect  .    c - +0 helmet
rElec   .          Harm     .    v - +0 cloak
rCorr   .          Rampage  .    (no gloves)
Will    +....                    D - +0 pair of boots
Stlth   ..........               (no amulet)
HPRegen 0.00/turn                z - ring of willpower
MPRegen 0.11/turn                (no ring)

@: inhibited regen
A: claws 1, cold resistance 1, negative energy resistance 3, inhibited
regeneration, torment resistance 2, devour on kill
a: Renounce Religion, Minor Destruction, Lesser Servant of Makhleb


You were on level 1 of the Lair of Beasts.
You worshipped Makhleb.
Makhleb was most pleased with you.
You visited 2 branches of the dungeon, and saw 10 of its levels.

You collected 483 gold pieces.

Inventory:

Armour
 b - a +0 buckler (worn)
 c - a +0 helmet (worn)
 r - the +1 plate armour "Taxifrorph" (worn) {rC+}
   (You found it on level 4 of the Dungeon)

   rC:        It protects you from cold.
 v - a +0 cloak (worn)
 D - a +0 pair of boots (worn)
Jewellery
 z - a ring of willpower (left claw)
Wands
 a - a wand of polymorph (16)
 q - a wand of paralysis (5)
 y - a wand of acid (10)
Scrolls
 d - 5 scrolls of teleportation
 j - a scroll of immolation
 t - a scroll of magic mapping
Potions
 f - 5 potions of curing
 g - 2 potions of resistance
 h - 3 potions of brilliance
 i - 5 potions of mutation
 k - a potion of berserk rage
 l - a potion of cancellation {unknown}
 m - a potion of flight {unknown}
 n - 2 potions of heal wounds
 o - a potion of haste
 p - 2 potions of lignification
 s - 3 potions of ambrosia
 x - 2 potions of invisibility
 A - 2 potions of might


   Skills:
 * Level 10.3 Fighting
 + Level 6.3 Armour
 + Level 6.3 Shields
 * Level 10.0 Unarmed Combat


You had 9 spell levels left.
You didn't know any spells.
Your spell library contained the following spells:

 Spells                   Type           Power      Damage    Failure   Level
 Freeze                   Ice            0%         1d3       100%        1
 Magic Dart               Conj           0%         1d3       100%        1
 Necrotise                Necr           0%         1d4       100%        1
 Searing Ray              Conj           0%         2d4       100%        2
 Confusing Touch          Hex            0%         N/A       100%        3
 Dazzling Flash           Conj/Hex       0%         N/A       100%        3
 Frozen Ramparts          Ice            0%         1d1       100%        3
 Vampiric Draining        Necr           0%         2d6       100%        3
 Fulminant Prism          Conj/Hex       0%         3d6       100%        4
 Hailstorm                Conj/Ice       0%         3d3       100%        4
 Iskenderun's Mystic Bla  Conj/Tloc      0%         2d3       100%        4
 Agony                    Necr           0%         N/A       100%        5
 Yara's Violent Unravell  Hex/Tmut       0%         3d3       100%        5
 Starburst                Conj/Fire      0%         6d3       100%        6
 Enfeeble                 Hex            0%         N/A       100%        7


Dungeon Overview and Level Annotations

Branches:
Dungeon (9/15)             Temple (0/1) D:7            Lair (1/5) D:8
    Orc: D:9-12

Altars:
Cheibriados
Gozag
Hepliaklqana
Makhleb
Nemelex Xobeh
Qazlal
Sif Muna
Xom

Shops:
D:5 [(!*   D:7 (   D:8 !

Annotations:
D:4 3 runed translucent doors, frimble's ghost, amateur DsAE


Innate Abilities, Weirdness & Mutations

You are immune to poison.
You have sharp fingernails.
Your flesh is cold resistant. (rC+)
You are immune to negative energy. (rN+++)
You do not regenerate when monsters are visible.
You are immune to unholy pain and torment.
You thrive by killing the living.


Message History

The seven-headed hydra bites you!
The seven-headed hydra bites you but does no damage. x2
The seven-headed hydra barely misses you.
The seven-headed hydra bites you but does no damage.
You block the seven-headed hydra's attack.
The seven-headed hydra completely misses you.
You scratch the seven-headed hydra.
The seven-headed hydra is moderately wounded.
The seven-headed hydra bites you but does no damage.
The seven-headed hydra bites you! The seven-headed hydra bites you.
The seven-headed hydra bites you! The seven-headed hydra bites you.
The seven-headed hydra barely misses you.
The seven-headed hydra closely misses you.
You are too injured to fight recklessly!
You are too injured to fight recklessly!
You are too injured to fight recklessly!
You are too injured to fight recklessly!
You are too injured to fight recklessly!
You are too injured to fight recklessly!
You are too injured to fight recklessly!
You are too injured to fight recklessly!
You are too injured to fight recklessly!
You are too injured to fight recklessly!
You are too injured to fight recklessly!
You are too injured to fight recklessly!
You are too injured to fight recklessly!
You are too injured to fight recklessly!
You are too injured to fight recklessly!
You are too injured to fight recklessly!
As you read the scroll of torment, it crumbles to dust.
You feel a surge of unholy energy.
The seven-headed hydra convulses!
The seven-headed hydra bites you. The seven-headed hydra bites you!
* * * LOW HITPOINT WARNING * * *
You block the seven-headed hydra's attack.
The seven-headed hydra bites you!
* * * LOW HITPOINT WARNING * * *
The seven-headed hydra bites you.
* * * LOW HITPOINT WARNING * * *
The seven-headed hydra bites you!
You die...

#....#
#....#
#....#
#....#
#....#
#....#
#....# #
#...@#
####.##..D.#
...........#
...........#
...........#
...........#
#######....#
#....#
.....#


You could see a seven-headed hydra.

Vanquished Creatures
  Grinder (D:6)
  8 yaks (D:8)
  Menkaure (D:4)
  3 water moccasins (D:8)
  2 acid dragons (D:8)
  Duvessa (D:5)
  An orc warrior (D:7)
  2 black bears (D:8)
  A kobold brigand (D:8)
  6 bullfrogs
  4 necrophages
  8 scorpions
  Dowan (D:5)
  16 wights
  A jelly (D:6)
  4 hounds
  4 orc priests
  A gnoll bouda (D:7)
  Ijyb (D:3)
  7 orc wizards
  4 gnolls (D:7)
  7 adders
  2 white imps
  3 worms
  A dart slug (D:1)
  14 orcs
  2 bats
  7 endoplasms
  2 giant cockroaches
  10 goblins
  8 hobgoblins
  9 jackals
  7 kobolds
  A quokka (D:4)
  4 ball pythons
  4 frilled lizards
  5 rats
163 creatures vanquished.

Vanquished Creatures (others)
  24 fungi (D:8)
  27 plants (D:8)
51 creatures vanquished.

Grand Total: 214 creatures vanquished

Notes
Turn   | Place    | Note
-------+----------+-------------------------------------------
     0 | D:1      | riojii the Ghoul Fighter began the quest for the Orb.
     0 | D:1      | Reached XP level 1. HP: 19/19 MP: 0/0
   252 | D:1      | Reached XP level 2. HP: 26/26 MP: 1/1
   668 | D:1      | Reached XP level 3. HP: 33/33 MP: 2/2
  1032 | D:1      | Found a faded altar of an unknown god.
  1320 | D:2      | Found a burning altar of Makhleb.
  1352 | D:2      | Became a worshipper of Makhleb the Destroyer
  1371 | D:2      | Reached XP level 4. HP: 40/40 MP: 3/3
  1416 | D:2      | Noticed a scorpion
  1426 | D:2      | Killed a scorpion
  1427 | D:2      | Reached XP level 5. HP: 40/47 MP: 4/4
  2003 | D:3      | Noticed Ijyb
  2022 | D:3      | Reached * piety under Makhleb
  2046 | D:3      | Killed Ijyb
  2444 | D:3      | Found a faded altar of an unknown god.
  2449 | D:3      | Reached XP level 6. HP: 55/55 MP: 5/5
  2455 | D:3      | Found a shimmering blue altar of Sif Muna.
  2655 | D:4      | Found a runed translucent gate.
  2661 | D:4      | Found a runed translucent gate.
  2661 | D:4      | Found a runed translucent gate.
  2671 | D:4      | Identified the +1 plate armour "Taxifrorph" {rC+}
  2719 | D:4      | Reached skill level 5 in Fighting
  2786 | D:4      | Noticed Menkaure
  2795 | D:4      | Killed Menkaure
  2935 | D:4      | Reached skill level 5 in Unarmed Combat
  2935 | D:4      | Reached XP level 7. HP: 7/61 MP: 6/6
  3423 | D:4      | Found a shimmering altar of Xom.
  3724 | D:4      | Noticed frimble's ghost (amateur DsAE)
  3766 | D:4      | Found a snail-covered altar of Cheibriados.
  3940 | D:5      | Entered Level 5 of the Dungeon
  3950 | D:5      | Noticed Duvessa
  3951 | D:5      | Noticed Dowan
  3959 | D:5      | Killed Duvessa
  3972 | D:5      | Killed Dowan
  4140 | D:5      | Found Peiqem's Weapon Shoppe.
  4142 | D:5      | Found Pyzus's Antique Armour Shoppe.
  4142 | D:5      | Found Ofoxi's Assorted Antiques.
  4156 | D:5      | Reached XP level 8. HP: 63/71 MP: 7/7
  4190 | D:5      | Found Fouzxucyu's Distillery.
  4708 | D:6      | Reached ** piety under Makhleb
  5114 | D:6      | Noticed Grinder
  5125 | D:6      | Killed Grinder
  5389 | D:6      | Found an opulent altar of Gozag.
  5389 | D:6      | Found a hazy altar of Hepliaklqana.
  5546 | D:7      | Reached XP level 9. HP: 71/81 MP: 8/8
  5548 | D:7      | Reached skill level 5 in Armour
  5612 | D:7      | Found a sparkling altar of Nemelex Xobeh.
  5715 | D:7      | Found a staircase to the Ecumenical Temple.
  5723 | D:7      | Reached skill level 5 in Shields
  5901 | D:7      | Found a stormy altar of Qazlal.
  6250 | D:7      | Found Duxkid's Antique Weapon Emporium.
  7049 | D:8      | Found Pobbed's Distillery.
  7424 | D:8      | Reached *** piety under Makhleb
  7465 | D:8      | Reached XP level 10. HP: 57/91 MP: 9/9
  7505 | D:8      | Found a staircase to the Lair.
  7714 | D:8      | Reached skill level 10 in Fighting
  8030 | D:8      | Reached skill level 10 in Unarmed Combat
  8737 | Lair:1   | Entered Level 1 of the Lair of Beasts
  8738 | Lair:1   | Noticed a seven-headed hydra
  8905 | Lair:1   | Slain by a seven-headed hydra

Illustrated notes

Levels and vault maps discovered:
D:1:      dpeg_arrival_morbid_curiosity, layout_loops_ring,
          dreamdust_ecumenical_altar_angels_and_demons
D:2:      layout_basic, basic_altar
D:3:      kennysheep_the_goblin_king, layout_loops_ring,
          nicolae_overflow_ecumenical_swirl, nicolae_overflow_hidden_temple,
          lemuel_old_faithful
D:4:      cheibrodos_pilgrimage, layout_loops_cross, kennysheep_little_box,
          mainiacjoe_overflow_boulevard, gammafunk_ghost_icy, uniq_menkaure
D:5:      layout_basic, zin_treasury, minmay_shop_grid_forest,
          due_unseen_surprise, uniq_duvessa, uniq_ijyb
D:6:      layout_loops_ring, amethyst_overflow_temple_binary, amethyst_killhole,
          uniq_grinder
D:7:      layout_basic, mainiacjoe_overflow_six_doors_small,
          mainiacjoe_overflow_concentric_impassable,
          minmay_temple_entry_gardened_gates, serial_shops,
          nicolae_shop_hallway_plus
D:8:      layout_gridville, due_lair_maze_entry_diamond, serial_shops,
          nicolae_stop_n_shop_1
D:9:      layout_loops_cross, nicolae_ru_awakened_eye, serial_shops,
          nicolae_shop_hallway_plus, uniq_amaemon
Lair:1:   layout_long_grid, roderic_batcave, dreamdust_gnoll_shepherd,
          uniq_harold

Skill      XL: |  1  2  3  4  5  6  7  8  9 10 |
---------------+-------------------------------+-----
Armour         | 3 4 5 6 |  6.3
Fighting       | 4 5 6 7 9 10 | 10.3
Shields        | 3 4 5 6 |  6.3
Unarmed Combat | 3 4 5 7 9 10 | 10.0

Action                   |  1- 3 |  4- 6 |  7- 9 | 10-12 || total
-------------------------+-------+-------+-------+-------++-------
Melee: Unarmed           |   110 |   150 |   325 |    96 ||   681
  Use: Scroll            |     2 |     9 |     9 |     2 ||    22
       Potion            |       |     1 |     2 |     1 ||     4
Armor: Scale mail        |    55 |    30 |       |       ||    85
       Chain mail        |       |    31 |    26 |       ||    57
       Plate armour      |       |       |   165 |    56 ||   221
Dodge: Dodged            |    60 |    48 |    84 |    37 ||   229
Block: Buckler           |    25 |    27 |    52 |    30 ||   134

Table legend: (Time is in decaauts)
 A = Elapsed time spent in this place.
 B = Non-inter-level travel time spent in this place.
 C = Inter-level travel time spent in this place.
 D = Time resting spent in this place.
 E = Time spent auto-exploring this place.
 F = Levels seen in this place.
 G = Mean time per level.
                   A        B        C        D        E       F      G
               +--------+--------+--------+--------+--------+-----+--------+
         Total |   8839 |   8455 |    384 |    739 |   6451 |  10 |  883.9 |
       Dungeon |   8828 |   8445 |    383 |    739 |   6451 |   9 |  980.9 |
          Lair |     11 |     11 |      0 |      0 |      0 |   1 |   11.0 |
               +--------+--------+--------+--------+--------+-----+--------+

Top non-repeatable levels by time:
     D:8: 1836 daAuts
     D:7: 1563 daAuts
     D:4: 1293 daAuts
     D:1: 1136 daAuts
     D:3: 909 daAuts
     D:6: 869 daAuts
     D:2: 593 daAuts
     D:5: 582 daAuts
     D:9: 42 daAuts
  Lair:1: 11 daAuts
